AoeStats
← _LY_抖音肥龙

Arabia

510339567Analyzed
1v1 RM · 10h ago on Sep 30, 2026· 45m 5s· 2 players
Game mode
Random Map
Map size
Tiny (2 player)
Population
200
Speed
Normal
Resources
Standard
Victory
Conquest
Starting age
Dark Age
Ending age
Imperial Age
RankedLock teamsTeams togetherTeam positionsShared explorationLock speedFull tech treeHidden civsTurbo modeCheats
Victory
Defeat
🇦🇷 Shu · Argentina
2642
+24
🇭🇰 Ethiopians · Hong Kong SAR China
2828
-24
wR.Monoz
5:31 Loom
8:46 Feudal Age
9:31 Double-Bit Axe
14:31 Fletching
18:38 Castle Age
16:54 Fletching
18:41 Crossbowman
19:16 Bodkin Arrow
19:34 Bow Saw
31:03 Wheelbarrow
34:44 Imperial Age
32:14 Elite Skirmisher
33:49 Ballistics
34:00 Padded Archer Armor
36:59 Chemistry
36:52 Bracer
37:56 Leather Archer Armor
40:00 Arbalester
43:39 Ring Archer Armor
45:41 Hand Cart
46:29 Two-Man Saw
_LY_抖音肥龙
6:35 Loom
8:43 Feudal Age
9:01 Man-at-Arms
9:32 Double-Bit Axe
11:26 Horse Collar
15:46 Fletching
21:17 Castle Age
19:58 Padded Archer Armor
21:27 Crossbowman
22:03 Bodkin Arrow
22:18 Bow Saw
23:15 Guard Tower
24:12 Wheelbarrow
27:07 Leather Archer Armor
28:23 Ballistics
28:44 Town Watch
36:01 Scale Mail Armor
38:32 Squires
40:35 Forging
43:03 Chain Mail Armor
42:21 Elite Skirmisher
Connection lost

Rejoining the realm…

Still unreachable

The connection could not be restored.

Session expired

The server has moved on; the page needs a fresh start.